 Dungeon Crawl Stone Soup version 0.29-a0-802-g34511f41fd (webtiles) character file.

Game seed: 10509089253688059130

26 Sabo the Shield-Bearer (level 3, 0/29 HPs)
             Began as a Formicid Fighter on July 4, 2022.
             Was a Follower of Wu Jian.
             Slain by a troll (10 damage)
             ... on level 1 of the Dungeon.
             The game lasted 00:07:16 (1391 turns).

Sabo the Shield-Bearer (Formicid Fighter)           Turns: 1391, Time: 00:07:17

Health: 0/29       AC:  6    Str: 22    XL:     3   Next: 22%
Magic:  3/3        EV:  9    Int:  7    God:    Wu Jian [*.....]
Gold:   77         SH:  5    Dex: 13    Spells: 2/2 levels left

rFire   . . .      SeeInvis +   a - +0 war axe
rCold   . . .      Faith    .   c - +0 buckler
rNeg    . . .      Spirit   .   b - +0 scale mail
rPois   .          Reflect  .   (helmet unavailable)
rElec   .          Harm     .   (no cloak)
rCorr   .          Rampage  .   (no gloves)
Will    .....                   (no boots)
Stlth   ..........              (no amulet)
HPRegen 0.09/turn               (no ring)
MPRegen 0.08/turn               (no ring)

@: mighty
A: permanent stasis, dig shafts and tunnels, antennae 3, four strong arms
a: Dig, Shaft Self, Renounce Religion


You were on level 1 of the Dungeon.
You worshipped Wu Jian.
Wu Jian was aware of your devotion.
You visited 1 branch of the dungeon, and saw 1 of its levels.

You collected 77 gold pieces.

Inventory:

Hand Weapons
 a - a +0 war axe (weapon)
Missiles
 l - 4 boomerangs
Armour
 b - a +0 scale mail (worn)
 c - a +0 buckler (worn)
Scrolls
 e - a scroll of magic mapping
 g - a scroll of teleportation
 h - a scroll of enchant weapon {unknown}
Potions
 i - a potion of magic {unknown}
 j - a potion of curing {unknown}
 k - a potion of lignification {unknown}


   Skills:
 + Level 3.5 Fighting
 + Level 2.3 Axes
 + Level 3.6 Armour
 + Level 0.1 Dodging
 + Level 4.4 Shields


You had 2 spell levels left.
You didn't know any spells.
Your spell library contained the following spells:

 Spells                   Type           Power      Damage    Failure   Level
 Magic Dart               Conj           0%         1d3       83%         1
 Call Imp                 Summ           0%         N/A       92%         2
 Mephitic Cloud           Conj/Pois/Air  0%         N/A       99%         3


Dungeon Overview and Level Annotations

Branches:
Dungeon (1/15)

Altars:
Wu Jian


Innate Abilities, Weirdness & Mutations

You cannot be hasted, slowed, berserked, paralysed or teleported.
You can dig through walls and to a lower floor.
You have a pair of large antennae on your head. (SInv)
Your four strong arms can wield two-handed weapons with a shield.


Message History

Things that are here:
a +0 club; a goblin corpse
There is a shaft here.
Found 4 boomerangs.
You see here 4 boomerangs.
l - 4 boomerangs
There is a shaft here.
Things that are here:
a +0 club; a goblin corpse
Found a stone staircase leading down.
The hobgoblin shouts!
The endoplasm quivers.
You hear a shout! x2
The frilled lizard hisses angrily.
The endoplasm quivers.
The endoplasm quivers.
The kobold shouts!
The frilled lizard hisses angrily.
The kobold shouts!
As you read the scroll labelled XAIFUA WEUC, it crumbles to dust.
It is a scroll of identify.
e - a scroll of magic mapping
As you read the scroll of identify, it crumbles to dust.
g - a scroll of teleportation You feel very mighty all of a sudden.
You open the large door. The bat barely misses you.
You slash the bat!
You kill the bat!
The Council accepts your kill.
You barely miss the giant cockroach. The giant cockroach barely misses you.
The giant cockroach bites you.
You closely miss the troll. You closely miss the giant cockroach.
You block the giant cockroach's attack.
The giant cockroach bites you but does no damage.
You barely miss the troll. You slash the giant cockroach!
You kill the giant cockroach!
The Council accepts your kill. The troll closely misses you.
The troll claws you. x2
You closely miss the troll. You hit the endoplasm.
The endoplasm closely misses you. The troll bites you! The troll claws you!
You die...

..#....#....#.............######.
...#...#.#.#........###...#......
..##......................#.####.
...#..#...#....########...#.# #.
.#..##...#....## ....#...#.####.
#...#..#.....#####K...#...#.#....
.....##...)..8.#.#Kr..#.....#.##.
..#..............Jgg..#...#.#..#.
.#..##.##.......@Tlgb.#...#.#.##.
...#.........8.#.#Jr..#...#....#.
...#.#.......#####{l..#...###..#.
....##....##..## {...#...# #..#.
...#....#...#..########...# #..#.
##.....#............. ....# #..#.
#############################..#.
##############..............#..#.
...............### ######...#..#.


You could see a troll, 2 endoplasms, 3 goblins, a bat, 2 kobolds, 2 frilled
lizards and 2 rats.

Vanquished Creatures
  An endoplasm (D:1)
  2 giant cockroaches (D:1)
  2 goblins (D:1)
  7 hobgoblins (D:1)
  3 kobolds (D:1)
  A quokka (D:1)
  A ball python (D:1)
  4 bats (D:1)
  A frilled lizard (D:1)
  A rat (D:1)
23 creatures vanquished.

Vanquished Creatures (others)
  A demonic plant (D:1)
  2 fungi (D:1)
3 creatures vanquished.

Grand Total: 26 creatures vanquished

Notes
Turn   | Place    | Note
-------+----------+-------------------------------------------
     0 | D:1      | Sabo the Formicid Fighter began the quest for the Orb.
     0 | D:1      | Reached XP level 1. HP: 18/18 MP: 1/1
    85 | D:1      | Found a large runed translucent door.
    85 | D:1      | Found a large runed translucent door.
    87 | D:1      | Noticed a troll
   198 | D:1      | Reached XP level 2. HP: 20/24 MP: 2/2
   311 | D:1      | Found a faded altar of an unknown god.
   321 | D:1      | Prayed at the altar of an unknown god.
   321 | D:1      | Became a worshipper of the Wu Jian Council
   321 | D:1      | Reached * piety under Wu Jian
   616 | D:1      | Reached XP level 3. HP: 25/29 MP: 3/3
  1391 | D:1      | Slain by a troll

Illustrated notes

Levels and vault maps discovered:
D:1:      erik_arrival_cave_to_civilisation [erik_arrival_cave_to_temple],
          layout_basic, shapermc_ecumenical_altar_gd,
          minmay_misc_feat_four_crosses, lemuel_another_geyser

Action                   || total
-------------------------++-------
Melee: War axe           ||    53
Invok: Lunge             ||     1
  Use: Scroll            ||     2
       Potion            ||     1
Armor: Scale mail        ||    27
Dodge: Dodged            ||    38
Block: Buckler           ||    15

Table legend: (Time is in decaauts)
 A = Elapsed time spent in this place.
 B = Non-inter-level travel time spent in this place.
 C = Inter-level travel time spent in this place.
 D = Time resting spent in this place.
 E = Time spent auto-exploring this place.
 F = Levels seen in this place.
 G = Mean time per level.
                   A        B        C        D        E       F      G
               +--------+--------+--------+--------+--------+-----+--------+
         Total |   1418 |   1418 |      0 |    170 |      0 |   1 | 1418.0 |
       Dungeon |   1418 |   1418 |      0 |    170 |      0 |   1 | 1418.0 |
               +--------+--------+--------+--------+--------+-----+--------+

Top non-repeatable levels by time:
     D:1: 1418 daAuts
